 Dungeon Crawl Stone Soup version 0.28-a0-1356-g2ad6d04315 (webtiles) character file.

Game seed: 3143908883626651640

32 coconutsonar the Magician (level 3, -3/25 HPs)
             Began as a Djinni Hedge Wizard on Dec 30, 2021.
             Frozen to death by an endoplasm (7 damage)
             ... on level 1 of the Dungeon.
             The game lasted 00:06:54 (1761 turns).

coconutsonar the Magician (Djinni Hedge Wizard)     Turns: 1761, Time: 00:06:55

Health: -3/25      AC:  2    Str: 11    XL:     3   Next: 42%
Gold:   37         EV: 12    Int: 15    God:
                   SH:  0    Dex: 12

rFire   + + .      SeeInvis .   g - +1 whip (freeze)
rCold   x . .      Faith    .   (no shield)
rNeg    . . .      Spirit   .   b - +0 robe
rPois   ∞          Reflect  .   c - +0 hat
rElec   .          Harm     .   (no cloak)
rCorr   .          Rampage  .   (no gloves)
Will    .....                   (boots unavailable)
Stlth   ++........              (no amulet)
HPRegen 0.08/turn               (no ring)
MPRegen 0.00/turn               (no ring)

@: flying, very slightly contaminated
A: sickness immunity, fire resistance 2, cold vulnerability 1, float, innate
caster, hp casting, extra vitality 1
a: no special abilities


You were on level 1 of the Dungeon.
You visited 1 branch of the dungeon, and saw 2 of its levels.

You collected 37 gold pieces.

Inventory:

Hand Weapons
 a - a +0 dagger
 g - a +1 whip of freezing (weapon)
Missiles
 d - 15 poisoned darts
Armour
 b - a +0 robe (worn)
 c - a +0 hat (worn)
Potions
 e - a potion of degeneration {unknown}
 h - a potion of magic {unknown}
 i - a potion of curing {unknown}


   Skills:
 + Level 2.4 Dodging
 + Level 1.8 Stealth
 + Level 3.1 Spellcasting


You couldn't memorise any spells.
You knew the following spells:

 Your Spells              Type           Power      Damage    Failure   Level
a - Magic Dart            Conj           44%        1d5       5%          1
b - Blink                 Tloc           22%        N/A       9%          2
c - Call Imp              Summ           11%        N/A       9%          2
d - Slow                  Hex            44%        N/A       5%          1
e - Conjure Flame         Conj/Fire      11%        6-21      16%         3
f - Mephitic Cloud        Conj/Pois/Air  11%        N/A       16%         3
g - Summon Small Mammal   Summ           44%        N/A       5%          1
Your spell library was empty.

Dungeon Overview and Level Annotations

Branches:
Dungeon (2/15)

Altars:

Shops:
D:1 =


Innate Abilities, Weirdness & Mutations

You are immune to sickness and miasma.
You are immune to poison.
Your flesh is very heat resistant. (rF++)
You are vulnerable to cold. (rC-)
You float through the air rather than walking.
You learn spells naturally, not from books.
Your magical power is your life essence.
You have superior vitality. (+4 MHP)


Message History

There is a stone staircase leading down here.
Aiming: Magic Dart (safe; 6% risk of failure)
Press: ? - help, Q - select action, (/) - cycle Shift-Dir - straight line, f - gnoll
Aim: a gnoll, wielding a +0 club (lightly wounded, 100% to hit)
The magic dart hits the gnoll.
The gnoll is heavily wounded.
The gnoll hits you with a +0 club.
Casting: Magic Dart (safe; 6% risk of failure)
Confirm with . or Enter, or press ? or * to list all spells.
A beastly little devil appears in a puff of frigid air.
* * * LOW HITPOINT WARNING * * *
The gnoll hits you with a +0 club.
* * * LOW HITPOINT WARNING * * *
Your white imp gestures at the gnoll.
The puff of frost hits the gnoll!
The gnoll dies!
You start resting.
Your white imp disappears in a puff of smoke!
HP restored.
There is a stone staircase leading down here.
You see here a +0 club.
You fly downwards.
The gnoll hits you with a +0 flail! The endoplasm freezes you.
You are frozen.
You feel a terrible chill! The gnoll completely misses you.
There is a stone staircase leading up here.
The endoplasm closely misses you. The gnoll hits you with a +0 flail.
* * * LOW HITPOINT WARNING * * *
You fly upwards.
There is a stone staircase leading down here.
You see here a +0 club.
The endoplasm hits you but does no damage.
Casting: Call Imp (safe; 9% risk of failure)
Confirm with . or Enter, or press ? or * to list all spells.
You miscast Call Imp.
You are very lightly contaminated with residual magic.
Nothing appears to happen.
* * * LOW HITPOINT WARNING * * *
The endoplasm freezes you.
You are frozen!
You feel a terrible chill!
You die...

#.#....# #..##.#.#
#.#....####.##.#.################
#.#..............................
#.#.########.#.#.################
#.#.# #...#.# # #'#'## ##..#.# #
.....# #..#.# # .....######
#..#.# # .†...'....# #..#@# #
.....####.###..#J################
.....# #.##...#g#...............
.....####.##............#########
#+#####.......>..#.####.# ### #
#.# #.#........#.# #.# #.#####
#.#####.####...#.#.# #.# #......
#..............#.#.####.###.#####
#######.#####..#.#........#.#


You could see a gnoll and an endoplasm.

Vanquished Creatures
  A dart slug (D:1)
  4 ball pythons (D:1)
  A giant cockroach (D:1)
  4 goblins (D:1)
  A hobgoblin (D:1)
  3 bats (D:1)
  A frilled lizard (D:1)
  2 kobolds (D:1)
  2 rats (D:1)
19 creatures vanquished.

Vanquished Creatures (collateral kills)
  A gnoll (D:1)
  A goblin (D:1)
  A frilled lizard (D:1)
3 creatures vanquished.

Grand Total: 22 creatures vanquished

Notes
Turn   | Place    | Note
-------+----------+-------------------------------------------
     0 | D:1      | coconutsonar the Djinni Hedge Wizard began the quest for
                  | the Orb.
     0 | D:1      | Reached XP level 1. HP: 15/15 MP: 0/0
    71 | D:1      | Found a faded altar of an unknown god.
   223 | D:1      | Found Orinuak's Jewellery Boutique.
   312 | D:1      | Reached XP level 2. HP: 12/21 MP: 0/0
  1112 | D:1      | Reached skill level 3 in Spellcasting
  1236 | D:1      | Reached XP level 3. HP: 24/25 MP: 0/0
  1236 | D:1      | Learned a level 1 spell: Summon Small Mammal
  1462 | D:1      | HP: 1/25 [gnoll (6)]
  1761 | D:1      | Frozen to death by an endoplasm

Illustrated notes

Levels and vault maps discovered:
D:1:      dpeg_arrival_subterranean_lakeside_camping, layout_basic,
          chequers_ecumenical_altar_simple, serial_shops,
          nicolae_shop_advertising_works [nicolae_subvault_shop_adworks]
D:2:      layout_rooms

Skill      XL: |  1  2 |
---------------+-------+-----
Spellcasting   | 3 |  3.1
Dodging        | |  2.4
Stealth        | |  1.8

Action                   || total
-------------------------++-------
Melee: Whip              ||     9
 Cast: Magic Dart        ||    36
       Call Imp          ||     3
       Summon Small Mamm ||     2
  Use: Scroll            ||     2
Armor: Robe              ||     4
Dodge: Dodged            ||     6

Table legend: (Time is in decaauts)
 A = Elapsed time spent in this place.
 B = Non-inter-level travel time spent in this place.
 C = Inter-level travel time spent in this place.
 D = Time resting spent in this place.
 E = Time spent auto-exploring this place.
 F = Levels seen in this place.
 G = Mean time per level.
                   A        B        C        D        E       F      G
               +--------+--------+--------+--------+--------+-----+--------+
         Total |   1762 |   1746 |     16 |    435 |   1129 |   2 |  881.0 |
       Dungeon |   1762 |   1746 |     16 |    435 |   1129 |   2 |  881.0 |
               +--------+--------+--------+--------+--------+-----+--------+

Top non-repeatable levels by time:
     D:1: 1748 daAuts
     D:2: 14 daAuts
